[Event "*** Titled Tuesday Blitz"]
[Site "Chess.com"]
[Date "2021.03.16"]
[Round "6"]
[White "kunaevchess"]
[Black "IMAghasiyevKamal"]
[Result "0-1"]
[WhiteElo "2349"]
[BlackElo "2507"]
[TimeControl "180+1"]
[EndTime "11:07:22 PDT"]
[Termination "IMAghasiyevKamal won by resignation"]

1. e4 e5 2. Nf3 Nc6 3. Bb5 a6 4.
Ba4 d6 5. O-O Bd7 6. d4 g6 7. d5 Nce7 8. c4 b5 9. Bb3 Bg7 10. Be3 Nf6 11. Nfd2 bxc4 12. Bxc4 Ng4 13. Bg5 f6 14. Bh4 g5 15. Bg3 h5 16. h4 Ng6 17. Nf3 Nf4 18. Nbd2 Bh6 19. Rc1 Rg8 20. Bb3 gxh4 21. Nxh4 Rc8 22. Ba4 Bg5 23. Ndf3 Kf7 24. Bxd7 Qxd7 25. Nf5 Ng6 26. Nh2 Bxc1 27. Qxc1 Rh8 28.
f3 Nxh2 29. Bxh2 h4 30. Qc4 Ne7 31. Ne3 Qb5 32. Rc1 Qxc4 33. Rxc4 c6 34. Ra4 cxd5 35.
exd5 Rc1+ 36. Kf2 f5 37. Rxa6 f4 38. Ng4 Rhc8 39. Ke2 R8c2+ 40. Kd3 Nxd5 41. Rxd6 Nb4+ 42. Ke4 Rxg2 43. Nxe5+ Ke8 44. Bxf4 h3 45. Re6+ Kd8 46. Nf7+ Kc8 47. Nd6+ Kd7 48. Rh6 Re1+ 49. Kf5 Nd5 50. Be5 Ne3+ 51. Kf4 Nd5+ 52. Kf5 Ne3+ 53. Kf4 h2 54.
Rh7+ Kc6 55. Ne4 h1=Q 56. Rc7+ Kb6 0-1

[Event "*** Titled Tuesday Blitz"]
[Site "Chess.com"]
[Date "2021.03.16"]
[Round "6"]
[White "vugarrasulov"]
[Black "FairChess_on_YouTube"]
[Result "1/2-1/2"]
[WhiteElo "2853"]
[BlackElo "2976"]
[TimeControl "180+1"]
[EndTime "11:07:23 PDT"]
[Termination "Game drawn by repetition"]

1. d4 d5 2. c4 c6 3. Nf3 Nf6 4. cxd5 cxd5 5. Bf4 Nc6 6. e3 Bg4 7. Qb3 Na5 8. Qa4+ Bd7 9. Bb5 Nc6 10. Nc3 a6 11.
Bxc6 Bxc6 12. Qb3 Rc8 13. Ne5 b5 14. O-O e6 15. Nxc6 Rxc6 16. Rac1 Rc4 17. a4 Rb4 18.
Qc2 Be7 19. axb5 axb5 20. Nxb5 Rxb5 21. Qa4 Qa5 22. Rc8+ Bd8 23. Qxa5 Rxa5 24. Bc7 Kd7 25. Rxd8+ Rxd8 26. Bxa5 Rb8 27. b4 Rc8 28. f3 Ne8 29. Bb6 Rc2 30. Ra1 Nd6 31. Ra7+ Ke8 32.
Bc5 Nf5 33. b5 Nxe3 34. b6 Rxg2+ 35. Kh1 Rb2 36. h4 Nc4 37. Re7+ Kd8 38. Rxf7 Nxb6 39. Rxg7 Na4 40. Bd6 Nc3 41. Rxh7 Ne2 42. Be5 Rd2 43.
h5 Nxd4 44. Bxd4 Rxd4 45. Kg2 Rh4 46. Kg3 Rh1 47. Kf4 d4 48. Ke4 Rh4+ 49. f4 Ke8 50. h6 Kf8 51. Kxd4 Rxf4+ 52. Ke5 Rh4 53. Kf6 Kg8 54. Rg7+ Kh8 55. Rg6 Kh7 56. Rg7+ Kxh6 57. Rg8 Kh7 58. Rg7+ Kh6 59. Rg8 Kh7 60. Rg7+ Kh6 1/2-1/2

[Event "*** Titled Tuesday Blitz"]
[Site "Chess.com"]
[Date "2021.03.16"]
[Round "6"]
[White "zmeeed67"]
[Black "CSB7"]
[Result "0-1"]
[WhiteElo "2425"]
[BlackElo "2610"]
[TimeControl "180+1"]
[EndTime "11:07:26 PDT"]
[Termination "CSB7 won by resignation"]

1. d4 d5 2. c4 c6 3. Nc3 Nf6 4. e3 e6 5. Nf3 Nbd7 6. Bd3 dxc4 7. Bxc4 b5 8. Bd3 Bb7 9. O-O a6 10. e4 c5 11. d5 Qc7 12. dxe6 fxe6 13. Ng5 Qb6 14. Qf3 Ne5 15. Qh3 Nxd3 16. Qxd3 b4 17. Ne2 h6 18. e5 hxg5 19. Qg6+ Kd7 20. exf6 gxf6 21. Be3 Be7 22. Rfd1+ Bd5 23. Rac1 Rag8 24. Qc2 Ke8 25. Bxc5 Bxc5 26. Qxc5 Qxc5 27. Rxc5 Kf7 28. Nd4 Bxa2 29. Ra1 Bd5 30. Rxa6 Rc8 31. Raa5 Rxc5 32.
Rxc5 Ra8 33. f3 Ra1+ 34. Kf2 Rb1 35. Rc2 e5 36. Nf5 Be6 37. Ne3 f5 38. g3 f4 39.
gxf4 gxf4 40. Ng4 Bxg4 41. fxg4 e4 42. Rc4 Rxb2+ 43. Kg1 Rb1+ 44. Kf2 Rb2+ 45. Kg1 Kg6 46.
Rxe4 Kg5 47. h3 b3 48. Rb4 Kh4 49. Rxf4 Kg3 50. Rf1 Rc2 51. Rd1 b2 52. Rd3+ Kh4 53.
Rb3 Rc1+ 54. Kg2 b1=Q 55. Rxb1 Rxb1 56. Kf3 Rb3+ 57. Ke4 Kg5 58. h4+ Kxg4 0-1

[Event "*** Titled Tuesday Blitz"]
[Site "Chess.com"]
[Date "2021.03.16"]
[Round "6"]
[White "I_Enchev"]
[Black "KazakhFighter04"]
[Result "1/2-1/2"]
[WhiteElo "2567"]
[BlackElo "2756"]
[TimeControl "180+1"]
[EndTime "11:07:27 PDT"]
[Termination "Game drawn by repetition"]

1. d4 Nf6 2. c4 e6 3. Nf3 d5 4. g3 dxc4 5. Bg2 c5 6. O-O Nc6 7. dxc5 Qxd1 8. Rxd1 Bxc5 9. Nbd2 c3 10. bxc3 O-O 11.
Nb3 Be7 12. c4 Bd7 13. Bb2 Rfd8 14. Rab1 Rac8 15. Nfd4 b6 16. Nb5 Be8 17. Rxd8 Rxd8 18. Bxc6 Bxc6 19. Nxa7 Ba4 20. Nb5 Ne4 21. Bd4 Rc8 22.
f3 Rxc4 23. fxe4 Bxb5 24. Bxb6 Ba6 25. Bd4 f6 26. Rc1 Ra4 27. Rc2 Kf7 28. Rc7 Ke8 29. Bc5 Bd8 30. Rxg7 Rxe4 31. e3 Ra4 32. a3 e5 33. Bb4 Bc4 34. Nc5 Ra8 35. Ne4 Be6 36. Rxh7 Rb8 37. h4 Bd5 38. Nd6+ Kf8 39. Nf5+ Kg8 40.
Rg7+ Kh8 41. Ra7 Bb6 42. Re7 Be4 43. g4 Rg8 44. Kf2 Rxg4 45. Re8+ Kh7 46. Re7+ Kh8 47.
Re8+ Kh7 48. Re7+ Kg6 49. Nd6 Bd5 50. Ne8 Rg2+ 51. Kf1 Rh2 52. Rg7+ Kf5 53. Nd6+ Ke6 54. e4 Bc6 55. Rg8 Ke7 56. Rg7+ Ke6 57. Rg8 Kd7 58. Rg7+ Kd8 59. Rg8+ Kd7 60. Rg7+ Ke6 1/2-1/2

[Event "*** Titled Tuesday Blitz"]
[Site "Chess.com"]
[Date "2021.03.16"]
[Round "6"]
[White "GoltsevDmitry2000"]
[Black "DvaHrasta"]
[Result "1-0"]
[WhiteElo "2809"]
[BlackElo "2529"]
[TimeControl "180+1"]
[EndTime "11:07:28 PDT"]
[Termination "GoltsevDmitry2000 won by resignation"]

1. e4 c6 2. d4 d5 3. Nd2 dxe4 4. Nxe4 Nf6 5. Nxf6+ exf6 6. Nf3 Bd6 7. Bd3 O-O 8. O-O Bg4 9. h3 Bh5 10. c3 Nd7 11. Re1 Qc7 12. Bd2 Rfe8 13. Bc4 Rxe1+ 14. Bxe1 Nb6 15. Bd3 Re8 16. Bd2 c5 17. Be3 c4 18. Bc2 Nd5 19. Bd2 Bf4 20. g4 Bg6 21.
Bxg6 hxg6 22. Ne1 Bxd2 23. Qxd2 Nf4 24. Ng2 Nxh3+ 25. Kh1 g5 26. d5 Qd7 27. Qd4 Qxg4 28. Qxa7 Re2 29. Rf1 Rxb2 30. d6 Qd7 31. Kh2 g4 32.
Qb8+ Kh7 33. Qc7 Qb5 34. d7 Qh5 35. Kg3 Rc2 36. d8=Q Rxc3+ 37. f3 Ng1 38. Kf2 Nxf3 39. Qd1 Ne5 40. Qc5 Rf3+ 41. Kg1 Nd3 42. Qd4 g3 43. Qe4+ f5 44. Qh4 Rxf1+ 45. Qxf1 Qxh4 46. Nxh4 g6 47. Nxf5 gxf5 48. Qxf5+ Kg7 49. Qg4+ Kf8 50. Qxc4 Nf2 51.
Qc5+ Kg7 52. Qg5+ Kf8 53. Qxg3 Ne4 54. Qe3 Nd6 55. Qe5 Ne8 56. Qb8 Ke7 57. Qxb7+ Ke6 58.
a4 Nd6 59. Qb8 1-0

[Event "*** Titled Tuesday Blitz"]
[Site "Chess.com"]
[Date "2021.03.16"]
[Round "6"]
[White "Abund"]
[Black "rynos0411"]
[Result "1-0"]
[WhiteElo "2692"]
[BlackElo "2502"]
[TimeControl "180+1"]
[EndTime "11:07:28 PDT"]
[Termination "Abund won by resignation"]

1. e4 c6 2. d4 d5 3. Nd2 dxe4 4. Nxe4 g6 5. Nf3 Bg7 6. Be2 Nf6 7. Ng3 h5 8. Bg5 Bg4 9. h3 Be6 10. O-O Nbd7 11.
c4 Nb6 12. Qc2 O-O 13. Rad1 Rc8 14. Be3 Qc7 15. Ng5 Bd7 16. b3 Rfd8 17. Qc1 e5 18.
dxe5 Qxe5 19. Bf4 Qa5 20. Rd2 h4 21. Nh1 Bf5 22. Rfd1 Rxd2 23. Qxd2 Qxd2 24. Rxd2 Nbd7 25. Nf3 Ne4 26. Rd1 Bf6 27. Bf1 Nf8 28. g4 hxg3 29. Nxg3 Ne6 30. Be3 Nxg3 31. fxg3 b6 32. g4 Bc2 33. Rc1 Be4 34. Nd2 Bg5 35. Bxg5 Nxg5 36. Kf2 f5 37. Re1 Kf7 38. h4 Ne6 39. Nxe4 fxe4 40.
Rxe4 Nc5 41. Re3 Rd8 42. Re2 Rd1 43. Bg2 Ra1 44. Bxc6 Nd3+ 45. Ke3 Ne5 46. Bf3 Rc1 47. Kf4 Nd3+ 48. Kg5 Ne1 49. Bd5+ Kg7 50. Re7+ Kf8 51. Rf7+ Ke8 52. Kxg6 Nd3 53. Rf5 Re1 54. h5 Ne5+ 55.
Kg5 Nd3 56. h6 Ke7 57. Kg6 Ne5+ 58. Rxe5+ Rxe5 59. h7 b5 60. h8=Q bxc4 61. Qxe5+ 1-0

[Event "*** Titled Tuesday Blitz"]
[Site "Chess.com"]
[Date "2021.03.16"]
[Round "6"]
[White "Das_Virus_2020"]
[Black "Aygehovit1992"]
[Result "1/2-1/2"]
[WhiteElo "2479"]
[BlackElo "2627"]
[TimeControl "180+1"]
[EndTime "11:07:28 PDT"]
[Termination "Game drawn - insufficient material"]

1. e4 c5 2. c3 g6 3. d4 cxd4 4.
cxd4 d5 5. e5 a6 6. Nc3 Nc6 7. h3 f6 8. exf6 Nxf6 9. Nf3 Bg7 10. Bd3 Bf5 11. O-O Bxd3 12. Qxd3 O-O 13. Re1 Qc7 14. Bg5 Rad8 15. Rad1 b5 16. a3 Na5 17. Qe2 Nc4 18. Bc1 Qd6 19. Qxe7 Qxe7 20. Rxe7 Rfe8 21. Rde1 Rxe7 22. Rxe7 Bf8 23. Re6 Rd6 24.
Rxd6 Bxd6 25. Kf1 Kf7 26. Ke2 Ke6 27. Kd3 Kd7 28. Ne1 Kc6 29. Nc2 a5 30. b3 Nb6 31.
Bg5 Ne8 32. Bd8 Nc7 33. Bxc7 Bxc7 34. Ne3 Bd6 35. a4 bxa4 36. bxa4 Bb4 37. Ned1 Nc4 38. g3 h5 39. Kc2 Nd6 40. Ne3 Bxc3 41. Kxc3 Ne4+ 42.
Kc2 Nxf2 43. h4 Ne4 44. Nf1 Kd6 45. Kd3 Ke6 46. Ke3 Nc3 47. Nd2 Nxa4 48. Nb3 Kf5 49. Nxa5 Kg4 50. Kf2 Nc3 51. Nc6 Ne4+ 52. Kg2 Nxg3 53.
Ne5+ Kxh4 54. Nxg6+ Kg5 55. Ne7 Nf5 56. Nxd5 Kg4 57.
Nf6+ Kg5 58. Nxh5 Kxh5 59. d5 Nd6 60. Kf3 Kg5 61. Ke3 Kf6 62. Kd4 Kf5 63. Kc5 Ke5 64. Kc6 Ne4 65. Kd7 Kxd5 1/2-1/2

[Event "*** Titled Tuesday Blitz"]
[Site "Chess.com"]
[Date "2021.03.16"]
[Round "6"]
[White "Gahan-MG"]
[Black "alejogarcia1999"]
[Result "1-0"]
[WhiteElo "2674"]
[BlackElo "2499"]
[TimeControl "180+1"]
[EndTime "11:07:30 PDT"]
[Termination "Gahan-MG won by checkmate"]

1. e4 c5 2. c3 d5 3. exd5 Qxd5 4. d4 e6 5. Nf3 Nf6 6. Be3 cxd4 7. cxd4 Nc6 8. Nc3 Qd6 9. a3 Be7 10. Bd3 O-O 11. O-O b6 12. Rc1 Bb7 13. Bb1 Rac8 14. Qd3 g6 15. Rfd1 Rfd8 16. h3 Na5 17. Ne5 Nc6 18. Nb5 Qb8 19. Qe2 Nxe5 20. dxe5 Qxe5 21. Rxc8 Rxc8 22. Nxa7 Ra8 23. Nb5 Nd5 24. Nc3 Nxc3 25. bxc3 Qxc3 26. Bd4 Qc7 27. Qe3 Rd8 28. Rc1 Bc5 29.
Bxc5 bxc5 30. Ba2 Qc6 31. f3 Rc8 32. h4 h5 33. Bc4 Qa4 34. Rc3 Qa5 35. Kh2 Bd5 36. Bf1 Qc7+ 37. Kg1 c4 38. a4 Qa5 39. Qd4 Qxa4 40. g4 Qb5 41. gxh5 Qc5 42. Qxc5 Rxc5 43. hxg6 fxg6 44. Kf2 Kf7 45. Ke3 Rc8 46. Kd4 Bxf3 47. Rxf3+ Kg7 48. Bxc4 Rd8+ 49. Ke5 Rc8 50. Bxe6 Rc5+ 51.
Bd5 Ra5 52. Rf7+ Kh6 53. Rf8 Ra4 54. Rh8+ Kg7 55. Rg8+ Kh7 56. Rf8 Rxh4 57. Be4 Rh5+ 58. Kf6 Ra5 59. Bxg6+ Kh6 60. Rh8# 1-0

[Event "*** Titled Tuesday Blitz"]
[Site "Chess.com"]
[Date "2021.03.16"]
[Round "6"]
[White "Fighter008"]
[Black "XDPS"]
[Result "0-1"]
[WhiteElo "2637"]
[BlackElo "2819"]
[TimeControl "180+1"]
[EndTime "11:07:31 PDT"]
[Termination "XDPS won by resignation"]

1. e4 e5 2. Nf3 Nc6 3. Nc3 Nf6 4. Bb5 Bd6 5. d3 O-O 6. a3 Re8 7. O-O Nd4 8. Bc4 c6 9. Bg5 Bf8 10. Ba2 h6 11. Bh4 g5 12. Bg3 Nxf3+ 13. Qxf3 d6 14. Qe3 Qb6 15. b4 Kg7 16. h3 Be6 17. Ne2 Nh5 18. c4 Nf4 19. Nc1 f6 20. Kh2 Bf7 21. Bb1 d5 22. c5 Qc7 23. Bc2 d4 24. Qd2 h5 25. h4 Be7 26. Ne2 a5 27. f3 Ng6 28.
hxg5 fxg5 29. Nxd4 h4 30. Nf5+ Kf6 31. Bf2 Rad8 32. d4 exd4+ 33. Kh1 Nf4 34. Bxd4+ Kg6 35. e5 Kh5 36. Nd6 Be6 37. Qf2 Rf8 38. Be4 Kh6 39.
Be3 Nh5 40. Qxh4 Rf4 41. Bxf4 gxf4 42. Qf2 Ng3+ 43. Kg1 Kg5 44. Bh7 Bd5 45. Ne4+ Bxe4 46. fxe4 Qxe5 47. Qxg3+ fxg3 48. Rf5+ Qxf5 49. Bxf5 Bf6 50.
Rf1 Bd4+ 51. Kh1 Bf2 52. Bh3 Kf4 53. e5 Kxe5 54. Rb1 a4 55. b5 cxb5 56. Bg4 Kf4 57.
Bh3 Ke3 58. Bg4 Kf4 59. Bh3 Rd5 60. Bg4 Kxg4 0-1

[Event "*** Titled Tuesday Blitz"]
[Site "Chess.com"]
[Date "2021.03.16"]
[Round "6"]
[White "Joker_Gumble"]
[Black "JiiHart"]
[Result "1-0"]
[WhiteElo "2332"]
[BlackElo "2067"]
[TimeControl "180+1"]
[EndTime "11:07:31 PDT"]
[Termination "Joker_Gumble won on time"]

1. d4 Nf6 2. c4 e6 3. Nf3 c5 4.
d5 exd5 5. cxd5 d6 6. Nc3 g6 7. e4 Bg4 8. Be2 Bg7 9. a4 O-O 10. O-O Re8 11. h3 Bxf3 12. Bxf3 Nbd7 13. g4 Ne5 14. Bg2 Rb8 15. f4 Nc4 16. Qd3 Na5 17.
Be3 c4 18. Qc2 a6 19. Bd4 Nb3 20. Bf2 Nxa1 21. Rxa1 b5 22. axb5 axb5 23. Ra7 b4 24.
Na4 c3 25. bxc3 bxc3 26. Nxc3 Rc8 27. Qb3 Nxg4 28. hxg4 Rxc3 29. Qb7 Rf8 30. g5 Qc8 31. Qd7 Qc4 32. Qxd6 Qe2 33. Qb6 Rc1+ 34. Kh2 Rc2 35.
Kg1 Rc1+ 36. Kh2 Qh5+ 37. Kg3 Rc3+ 38. Be3 Qe2 39. Bf3 Qxe3 40. Qxe3 Rxe3 41. e5 Rd3 42. d6 Rd8 43. Kf2 Bf8 44. Rb7 Bxd6 45. exd6 R3xd6 46. Kg3 Kg7 47. Kg4 R6d7 48. Rb6 h5+ 49. gxh6+ Kxh6 50. f5 Kg7 51. Be4 gxf5+ 52. Kxf5 Rd6 53. Rb7 R8d7 54. Rb1 Rf6+ 55. Kg5 Rfd6 56. Bf5 Re7 57. Rg1 Kf8 58. Kf4 Rd4+ 59. Kg5 Rb4 60. Kf6 1-0

[Event "*** Titled Tuesday Blitz"]
[Site "Chess.com"]
[Date "2021.03.16"]
[Round "6"]
[White "Agibileg"]
[Black "Trickov"]
[Result "0-1"]
[WhiteElo "2512"]
[BlackElo "2405"]
[TimeControl "180+1"]
[EndTime "11:07:34 PDT"]
[Termination "Trickov won by resignation"]

1. d4 d5 2. c4 c6 3. Nc3 Nf6 4. Nf3 dxc4 5. a4 Bf5 6. Ne5 Nbd7 7. Nxc4 Qc7 8. g3 e5 9. dxe5 Nxe5 10. Bf4 Rd8 11. Qc1 Bd6 12. Nxd6+ Qxd6 13. Qe3 Ng4 14. Qxa7 Qb4 15. Bg2 Ng6 16. Bc1 O-O 17. f3 Ra8 18.
Qg1 N4e5 19. Qf2 Nc4 20. O-O Nxb2 21. Na2 Qb3 22. e4 Nd3 23. Qe2 Be6 24. Be3 Rxa4 25. Rfb1 Rxa2 26. Qxa2 Qxa2 27. Rxa2 Bxa2 28. Rxb7 h6 29.
f4 c5 30. e5 Rd8 31. Be4 Bd5 32. Bxd5 Rxd5 33. Rb8+ Kh7 34. Rc8 Ne7 35. Rc7 Nf5 36.
Bf2 Kg6 37. Kg2 h5 38. Bg1 Rd8 39. h3 Ra8 40. g4 Ra2+ 41. Kf3 Ne1+ 42. Ke4 Ng3+ 43.
Kd5 Rd2+ 44. Kc6 Nf3 45. Be3 Rd3 46. f5+ Nxf5 47. Bf4 N5d4+ 48. Kxc5 hxg4 49. Kc4 Rd1 50. Rd7 gxh3 51. Rd6+ f6 52. exf6 gxf6 53. Bg3 Kf5 54. Rd5+ Ke4 55. Rh5 Ne5+ 56. Bxe5 fxe5 57. Rxh3 Nf3 58.
Kc3 Rc1+ 59. Kb2 Rc8 60. Rh6 Ke3 61. Rg6 e4 62. Rd6 Ke2 63. Re6 e3 64. Kb3 Nd4+ 65. Kb2 Nxe6 0-1

[Event "*** Titled Tuesday Blitz"]
[Site "Chess.com"]
[Date "2021.03.16"]
[Round "6"]
[White "bennyficial"]
[Black "Tekushka"]
[Result "1/2-1/2"]
[WhiteElo "2220"]
[BlackElo "2405"]
[TimeControl "180+1"]
[EndTime "11:07:38 PDT"]
[Termination "Game drawn by stalemate"]

1. e4 e6 2. d4 d5 3. Nc3 Nf6 4. e5 Nfd7 5. Nce2 c5 6. c3 Nc6 7. f4 b5 8. a3 a5 9. Nf3 Bb7 10. Be3 b4 11. axb4 axb4 12. f5 exf5 13. Nf4 bxc3 14. bxc3 cxd4 15. Rxa8 Bxa8 16. Bxd4 Nxd4 17. cxd4 g5 18. e6 gxf4 19. exd7+ Qxd7 20. Ne5 Qa7 21.
Bb5+ Kd8 22. O-O Bd6 23. Re1 Bxe5 24. Rxe5 Rg8 25. Rxf5 Rg6 26. Rxf4 Qa2 27. Rf2 Qa5 28. Bd3 Rb6 29. Qf3 Qa1+ 30. Bf1 Qxd4 31. Qxf7 Rb2 32.
Qf6+ Qxf6 33. Rxf6 Ke7 34. Rh6 Rb1 35. Rxh7+ Kf6 36.
Kf2 d4 37. Rh8 Bd5 38. Rf8+ Ke7 39. Rf4 Rb2+ 40. Kg3 d3 41. Rd4 Be6 42. Rxd3 Rb1 43. Rf3 Rb2 44. Re3 Kf6 45. h3 Bd5 46. Re2 Rb3+ 47.
Kh2 Rb1 48. Rf2+ Kg5 49. Be2 Be4 50. Kg3 Rb3+ 51. Kh2 Rb2 52. Kg3 Bg6 53. h4+ Kh6 54.
Bf3 Rb3 55. Re2 Rc3 56. Re6 Kg7 57. Kf2 Bf7 58. Rd6 Rc2+ 59. Kg3 Rc3 60. Rc6 Rxc6 61. Bxc6 Kh6 62. Be4 Be6 63. Kf4 Kg7 64. g4 Bxg4 65. Kxg4 Kh8 66. Kg5 Kg7 67. h5 Kh8 68. h6 Kg8 69.
Kh5 Kh8 70. Kg6 Kg8 71. h7+ Kh8 72. Kh6 1/2-1/2

[Event "*** Titled Tuesday Blitz"]
[Site "Chess.com"]
[Date "2021.03.16"]
[Round "6"]
[White "gurelediz"]
[Black "Gabix_94"]
[Result "0-1"]
[WhiteElo "2660"]
[BlackElo "2814"]
[TimeControl "180+1"]
[EndTime "11:07:39 PDT"]
[Termination "Gabix_94 won by resignation"]

1. e4 e5 2. Nf3 Nc6 3. Bb5 a6 4. Ba4 b5 5. Bb3 Na5 6. O-O d6 7. c3 Nxb3 8. axb3 Bb7 9. Re1 Nf6 10.
d4 exd4 11. Nxd4 Be7 12. Nf5 O-O 13. Nxe7+ Qxe7 14. Bg5 h6 15. Bh4 Rfe8 16. Nd2 Qe6 17. f3 Nd7 18. Qc2 Qg6 19. Bg3 Re7 20. Rad1 Rae8 21.
Qd3 Nc5 22. Qd4 f5 23. exf5 Rxe1+ 24. Rxe1 Rxe1+ 25. Bxe1 Qxf5 26. c4 Qc2 27. cxb5 axb5 28. Qc3 Qd1 29. Kf2 b4 30. Qc4+ Kh8 31. Qe2 Qc2 32. Nc4 Qxe2+ 33. Kxe2 Nxb3 34. Ke3 Ba6 35. Nd2 Na1 36. Ke4 Kg8 37. Bf2 Kf7 38. Ba7 Ke6 39. Bd4 g6 40. Bg7 h5 41. f4 c5 42. g3 d5+ 43.
Ke3 Nc2+ 44. Kf2 Kf5 45. h3 d4 46. Kf3 Bb7+ 47. Kf2 Bd5 48. Bf8 c4 49. Bc5 c3 50.
bxc3 dxc3 51. Nb1 Ba2 52. Bxb4 Bxb1 53. Bxc3 Na3 54. Bb4 Nb5 55. Bf8 Ba2 56. Bc5 Be6 57. Ke3 Kf6 58. h4 Bg4 59. Ke4 Ke6 60. Bb4 Bf5+ 61. Ke3 Kd5 62. Be7 Nd4 63. Bf6 Ne6 64. Be5 Bg4 65. Bf6 Nf8 66. Be5 Nd7 67. Bg7 Nb6 68. Bf6 Nc4+ 69. Kd3 Bf5+ 70. Kc3 Nd6 71. Kb4 Ne4 72. Be5 Nxg3 73. Kb5 Ne2 74. Kb6 Ke4 75. Kc7 Nxf4 76. Bf6 Kf3 77. Kd6 Kg4 78. Ke5 Ng2 79.
Kd4 Nxh4 80. Ke3 Nf3 81. Kf2 h4 82. Be7 g5 83. Bd6 h3 84. Bc7 Nd2 85. Kg1 Ne4 86. Kh2 Kf3 87. Bb8 g4 88. Kg1 g3 89. Ba7 h2+ 90.
Kh1 Bh3 0-1

[Event "*** Titled Tuesday Blitz"]
[Site "Chess.com"]
[Date "2021.03.16"]
[Round "6"]
[White "zajka-molotok"]
[Black "Tactickl"]
[Result "1-0"]
[WhiteElo "2533"]
[BlackElo "2755"]
[TimeControl "180+1"]
[EndTime "11:07:44 PDT"]
[Termination "zajka-molotok won by checkmate"]

1. b4 e5 2. Bb2 Bxb4 3. Bxe5 Nf6 4. e3 O-O 5. Nf3 Re8 6. Be2 b6 7. O-O Bb7 8. Bb2 d5 9. c4 Nbd7 10. d4 Bd6 11. Nc3 a6 12. Qc2 Qe7 13. cxd5 Nxd5 14. Nxd5 Bxd5 15. h3 h6 16. Nd2 Nf6 17. Bf3 Qe6 18. Bxd5 Qxd5 19. Nc4 Ne4 20. Nxd6 cxd6 21.
Rfc1 h5 22. Qc6 Qf5 23. f3 Ng5 24. h4 Nh7 25. Re1 Rac8 26. Qxd6 Re6 27. Qf4 Qb5 28. Rac1 Rxc1 29. Bxc1 Qc4 30. a3 Nf6 31. Qg5 Qc3 32. Qg3 Nd5 33. Qf2 Qb3 34. e4 Nc3 35. d5 Rg6 36.
Bg5 f6 37. Be3 Nd1 38. Qe2 Nxe3 39. Qxe3 Qb2 40. Re2 Qb1+ 41. Kh2 Qb5 42. Rd2 Qd7 43. Qf4 Kh7 44. d6 b5 45. Rd5 Kg8 46. Qf5 Qd8 47. Qxg6 b4 48. Qxh5 bxa3 49. Qf5 a2 50. Qe6+ Kf8 51.
Ra5 Qxa5 52. d7 Qd8 53. Qxa2 Qxd7 54. Qxa6 Qe7 55. Qa8+ Kf7 56. Qd5+ Kg6 57. Qf5+ Kh6 58. Qf4+ g5 59. hxg5+ fxg5 60. Qf5 Qd6+ 61. e5 Qd2 62. e6 Qd6+ 63. Kh3 Qd1 64. Qf6+ Kh7 65. Qf7+ Kh6 66. Qf6+ Kh7 67. Qxg5 Qh1+ 68. Kg4 Qb1 69. Qf5+ Kh6 70. Qxb1 Kg7 71. Qf5 Kh6 72. e7 Kg7 73. e8=Q Kh6 74. Qeg6# 1-0

[Event "*** Titled Tuesday Blitz"]
[Site "Chess.com"]
[Date "2021.03.16"]
[Round "6"]
[White "fabianvivasz"]
[Black "Legendinunknown"]
[Result "1/2-1/2"]
[WhiteElo "2392"]
[BlackElo "2598"]
[TimeControl "180+1"]
[EndTime "11:07:50 PDT"]
[Termination "Game drawn by repetition"]

1. c4 Nf6 2. g3 e5 3. Bg2 d5 4.
cxd5 Nxd5 5. Nc3 Nb6 6. Nf3 Nc6 7. O-O Be7 8. a3 g5 9. d4 exd4 10. Nb5 O-O 11. Nfxd4 Nxd4 12. Nxd4 Bf6 13. Nb5 a6 14. Qxd8 Bxd8 15. Nc3 c6 16. Ne4 h6 17. Be3 Nd5 18. Bc5 Be7 19. Rfd1 Bxc5 20. Nxc5 Nf6 21. Rd6 Kg7 22.
Rad1 Re8 23. e3 Bg4 24. f3 Bh5 25. Kf2 Re7 26. e4 Rae8 27. g4 Bg6 28. R6d4 h5 29. h3 hxg4 30. hxg4 b6 31. Na4 c5 32. Rd6 Bxe4 33.
fxe4 Nxe4+ 34. Bxe4 Rxe4 35. Nxb6 Rf4+ 36. Kg3 Re3+ 37.
Kg2 Rxg4+ 38. Kf2 Rb3 39. Nd5 Rd4 40. Rxd4 cxd4 41. Nf6 Kg6 42. Ng4+ Kf5 43. Rxd4 Rxb2+ 44. Kf3 Rb3+ 45. Ne3+ Ke6 46. Ra4 Rb6 47. Ke4 f6 48.
Nf5 Kf7 49. Nd4 Kg6 50. Ra5 Rd6 51. Nf5 Re6+ 52. Kf3 Rc6 53. Nd4 Rc4 54. Ke4 g4 55. Rxa6 g3 56. Ra8 Kg7 57. Ra7+ Kh6 58. Ra8 Kh7 59.
Ra7+ Kg6 60. Ra8 f5+ 61. Ke5 Kh7 62. Ra7+ Kg6 63. Ra8 Rc5+ 64. Kf4 Rc4 65. Ke5 1/2-1/2

[Event "*** Titled Tuesday Blitz"]
[Site "Chess.com"]
[Date "2021.03.16"]
[Round "6"]
[White "Jospem"]
[Black "Paladin61"]
[Result "1-0"]
[WhiteElo "2940"]
[BlackElo "2787"]
[TimeControl "180+1"]
[EndTime "11:07:54 PDT"]
[Termination "Jospem won by checkmate"]

1. e4 c5 2. Nf3 d6 3. c3 Nf6 4. h3 Nc6 5. Bd3 d5 6. e5 Nd7 7. Bb5 Qb6 8. Bxc6 Qxc6 9. O-O e6 10.
d4 b6 11. Re1 h6 12. Nbd2 Ba6 13. Nf1 Be7 14. Ng3 O-O-O 15. Bd2 Kb8 16. b4 cxb4 17.
cxb4 Rc8 18. a4 Bd3 19. Qb3 Bc2 20. Qa3 Bh7 21. b5 Bxa3 22. bxc6 Be7 23. cxd7 Rc7 24.
Nf1 Rxd7 25. Ne3 Rc8 26. Rec1 Rdc7 27. Rxc7 Rxc7 28. Ne1 Kb7 29. Kf1 a5 30. Ke2 Ka6 31. Nd3 Rc6 32. Ra2 Be4 33. f3 Bh7 34. g4 Rc7 35. Rb2 Rc6 36. f4 Be4 37. Nf2 Bh7 38.
f5 Bg5 39. Nfd1 Rc7 40. Kf3 Rc6 41. Kg3 Be7 42. h4 Ba3 43. Rb3 Bf8 44. h5 Rc7 45.
Rc3 Rxc3 46. Nxc3 Bb4 47. Kf4 Bxc3 48. Bxc3 b5 49. axb5+ Kxb5 50. f6 g5+ 51. hxg6 Bxg6 52. Bb2 Kb4 53. Nf5 a4 54. Nxh6 Kb3 55. Bc1 a3 56.
Bxa3 Kxa3 57. Nxf7 Bxf7 58. Kg5 Kb4 59. Kh6 Kc4 60. g5 Kxd4 61. g6 Bxg6 62. Kxg6 Kxe5 63. f7 d4 64. f8=Q Ke4 65. Kg5 e5 66. Qf5+ Ke3 67.
Qxe5+ Kd3 68. Kf4 Kc4 69. Kf3 d3 70. Ke3 d2 71. Qd4+ Kb3 72. Qxd2 Ka3 73. Qc2 Kb4 74. Kd4 Ka3 75. Qb1 Ka4 76. Kc4 Ka3 77. Qb3# 1-0

[Event "*** Titled Tuesday Blitz"]
[Site "Chess.com"]
[Date "2021.03.16"]
[Round "6"]
[White "Konavets"]
[Black "RobertoJBM"]
[Result "1/2-1/2"]
[WhiteElo "2938"]
[BlackElo "2770"]
[TimeControl "180+1"]
[EndTime "11:08:14 PDT"]
[Termination "Game drawn - insufficient material"]

1. d4 d5 2. c4 c6 3. Nf3 Nf6 4. e3 Bf5 5. Nc3 e6 6. Nh4 Be4 7. f3 Bg6 8. Qb3 Qb6 9. Bd2 Nbd7 10. g3 Be7 11. Be2 O-O 12. O-O Rfe8 13. Nxg6 hxg6 14. Rac1 Rad8 15. f4 Qxb3 16. axb3 Ne4 17. Nxe4 dxe4 18.
Ba5 Rc8 19. Rfd1 f5 20. Ra1 a6 21. Bc3 Kf7 22. d5 exd5 23. cxd5 c5 24. d6 Bf6 25.
Bc4+ Kf8 26. Bd5 Bxc3 27. bxc3 Rb8 28. Ra5 Red8 29. Be6 Rbc8 30. Rd5 Rc6 31. g4 fxg4 32. Kf2 Nf6 33. Rdxc5 Rcxd6 34. Rc8 Ke7 35. Rxd8 Kxd8 36. Bf7 Rd2+ 37. Ke1 Rxh2 38. Bxg6 g3 39. Rg5 Rb2 40. Bf7 Ke7 41. Bc4 g2 42. Rxg7+ Kd6 43. Rg6 Ke7 44. b4 b5 45. Be2 Nd5 46. Rxg2 Nxe3 47.
Rg6 Nd5 48. Rxa6 Nxc3 49. Bg4 e3 50. Re6+ Kf7 51. Rxe3 Na4 52. Re4 Nc3 53. Rd4 Na2 54. Rd7+ Kf6 55. Rd6+ Ke7 56. Re6+ Kf7 57. f5 Rh2 58.
Re4 Kf6 59. Rd4 Ke5 60. Rd8 Nxb4 61. Re8+ Kf6 62. Re6+ Kg5 63. Rg6+ Kf4 64. f6 Nd3+ 65. Kf1 Ne5 66. Rg7 Nxg4 67. f7 Rf2+ 68. Kg1 Ke5 69.
Rg5+ Ke6 70. Rxg4 Rxf7 71. Rg5 Rb7 72. Kf2 b4 73. Ke3 b3 74. Rg1 Kd5 75. Kd3 Rc7 76.
Rb1 Rh7 77. Rxb3 Rh3+ 78. Kc2 Rh2+ 79. Kc3 Kc5 80. Rb2 Rh3+ 81. Kc2 Kc4 82. Kb1 Kc3 83. Ka2 Kc4 84. Rc2+ Kb4 85. Rb2+ Kc4 86. Rc2+ Rc3 87. Rb2 Rd3 88. Rc2+ Kb4 89. Rb2+ Ka4 90. Rc2 Kb5 91.
Kb2 Kb4 92. Kc1 Rc3 93. Rxc3 Kxc3 1/2-1/2

[Event "*** Titled Tuesday Blitz"]
[Site "Chess.com"]
[Date "2021.03.16"]
[Round "6"]
[White "GelmanAlexander"]
[Black "Myshakov_Fedor"]
[Result "0-1"]
[WhiteElo "2558"]
[BlackElo "2373"]
[TimeControl "180+1"]
[EndTime "11:08:27 PDT"]
[Termination "Myshakov_Fedor won on time"]

1. d4 d5 2. Nc3 Nf6 3. Bf4 Bf5 4. f3 e6 5. g4 Bg6 6. h4 h6 7. e3 Bd6 8. Nh3 c6 9. Qd2 Bc7 10. O-O-O Nbd7 11. Bxc7 Qxc7 12. Nf4 Bh7 13. g5 Ng8 14. e4 dxe4 15. fxe4 O-O-O 16. g6 Bxg6 17. Nxg6 fxg6 18. Bh3 Re8 19. d5 Ngf6 20. Bxe6 Kb8 21. Qd4 Qe5 22. Qb4 Nb6 23. Kb1 cxd5 24. exd5 Rd8 25. Rhe1 Qd6 26. Qa5 Nc4 27. Qb5 Nb6 28. a4 a6 29. Qb3 Rhe8 30.
a5 Nbd7 31. Bxd7 Rxe1 32. Rxe1 Qxd7 33. Rd1 g5 34. hxg5 hxg5 35. Qb4 Qd6 36. Qc4 Rc8 37. Qd4 Rc5 38. Re1 Nxd5 39. Ne4 Nc3+ 40. bxc3 Rb5+ 41.
Kc1 Qa3+ 42. Kd2 Qxa5 43. Qxg7 Rd5+ 44. Ke3 Qb6+ 45. Kf3 Rf5+ 46. Kg2 Qc6 47. Qh8+ Ka7 48. Qd4+ Kb8 49. Kg1 Rf4 50. Qd6+ Qxd6 51. Nxd6 Rf3 52.
Ne4 Rf5 53. Kg2 Kc7 54. Rf1 Re5 55. Kf3 Kc6 56. Rg1 Kb5 57. Ke3 Kc4 58. Rg4 a5 59.
Rg1 a4 60. Rd1 a3 61. Ra1 Ra5 62. Ra2 b5 63. Nd2+ Kxc3 64. Nb3 Ra4 65. Nd2 g4 66. Nb1+ Kc4 67. Nxa3+ Kb4 68. c3+ Kb3 69. Rg2 Rxa3 70.
Rxg4 Kxc3 71. Rg1 b4 72. Rc1+ Kb2+ 73. Kd2 Rh3 74. Rc2+ Kb1 75. Rc7 b3 76. Rb7 b2 77.
Rd7 Ra3 78. Rb7 Ra6 0-1